 Dungeon Crawl Stone Soup version 5.1-80-g04056d8 (webtiles) character file.

511 reaper779 the Cleaver (level 8, -11/71 HPs)
             Began as a Minotaur Berserker on Nov 3, 2017.
             Was a Priest of Trog.
             Mangled by a blink frog (13 damage)
             ... on level 6 of the Dungeon.
             The game lasted 00:07:34 (3982 turns).

reaper779 the Cleaver (Minotaur Berserker)          Turns: 3982, Time: 00:07:34

Health: -11/71     AC: 16 (39%)Str: 23  XL:     8   Next: 41%
Magic:  7/7        EV:  7    Int:  4    God:    Trog [3*[87]]
Gold:   379        SH:  0    Dex: 11    Spells: 7/7 levels left

rFire    . . .     SeeInvis .   a - +0 hand axe
rCold    . . .     Faith    .   (no shield)
rNeg     . . .     Spirit   .   q - +2 plate armour
rPois    +         Reflect  .   (helmet restricted)
rElec    .                      (no cloak)
rCorr    .                      u - +2 pair of gloves
MR       .....                  (no boots)
Stlth    ..........             (no amulet)
Regen    0.3/turn               f - ring of poison resistance
MPRegen  0.2/turn               (no ring)

@: exhausted, slowed, very slow
A: retaliatory headbutt, horns 2
a: Berserk, Trog's Hand, Renounce Religion


You were on level 6 of the Dungeon.
You worshipped Trog.
Trog was most pleased with you.
You were not hungry.

You visited 1 branch of the dungeon, and saw 6 of its levels.

You collected 379 gold pieces.

Inventory:

Hand Weapons
 a - a +0 hand axe (weapon)
Missiles
 c - 105 poisoned darts (quivered)
 i - 160 arrows
 j - 116 tomahawks
 l - 290 bolts
 r - 194 stones
 t - 63 javelins
Armour
 q - a +2 plate armour (worn)
 u - a +2 pair of gloves (worn)
Jewellery
 f - a ring of poison resistance (left hand)
 n - a +3 ring of intelligence
Scrolls
 g - a scroll of enchant armour
 k - a scroll of fear
 o - a scroll of teleportation
Potions
 b - a potion of berserk rage
 d - a potion of flight
 e - a potion of augmentation
 h - 3 potions of haste
 m - a potion of cancellation
 p - a potion of magic
 s - a potion of curing


   Skills:
 + Level 6.4 Fighting
 + Level 11.5 Axes
 - Level 2.4 Armour
 - Level 2.1 Dodging


You had 7 spell levels left.
You didn't know any spells.

Dungeon Overview and Level Annotations

Branches:
Dungeon (6/15)

Altars:
Cheibriados
Dithmenos
Elyvilon
Makhleb
Okawaru
Qazlal
Ru
Sif Muna
Uskayaw
Vehumet
Xom
Yredelemnul
Zin
The Shining One


Innate Abilities, Weirdness & Mutations

You reflexively headbutt those who attack you in melee.
You have a pair of horns on your head.


Message History

You see here 143 stones.
You slash the hound (11)! You headbutt the hound (7)!
You kill the hound!
Trog accepts your kill.
The blink frog blinks!
The blink frog hits you but does no damage.
The blink frog blinks!
The blink frog hits you but does no damage.
The blink frog hits you (13)!
* * * LOW HITPOINT WARNING * * *
The blink frog blinks! x2
The blink frog blinks!
The blink frog blinks!
The blink frog hits you (7)!
* * * LOW HITPOINT WARNING * * *
The blink frog blinks!
The blink frog blinks!
Found 8 gold pieces.
The blink frog blinks!
The blink frog hits you (13)!
You die...

... .... #.# .F.# #.#
...# #.# ...# #.#
...####
####.######.......
#.....(......##
...###.##ยง####.#$..#
............F@.....#.#
#.....F##..##.###...#.#
##.##........... ##..#
# #..##.#####..# .##
#.. #.# #.# # #.. #.#
..$ #.. #.. ##. ...


You could see 2 blink frogs.

Vanquished Creatures
  3 blink frogs (D:6)
  Sigmund (D:3)
  3 crimson imps
  A howler monkey (D:3)
  An orc priest (D:3)
  2 hounds
  An orc wizard (D:3)
  An iron imp (D:5)
  Natasha (twice) (D:3)
  3 worker ants
  A hound skeleton (D:5)
  Samantha (D:3)
  5 gnolls
  8 adders
  A shadow imp (D:5)
  2 oozes
  An adder skeleton (D:4)
  4 dart slugs
  7 orcs
  5 quokkas
  4 bats
  3 giant cockroaches
  17 goblins
  10 hobgoblins
  4 jackals (D:4)
  5 kobolds
  4 frilled lizards
  A quokka skeleton (D:4)
  5 rats
106 creatures vanquished.

Notes
Turn   | Place    | Note
-------+----------+-------------------------------------------
     0 | D:1      | reaper779 the Minotaur Berserker began the quest for the Orb.
     0 | D:1      | Reached XP level 1. HP: 19/19 MP: 0/0
    68 | D:1      | Reached skill level 4 in Axes
    99 | D:1      | Reached XP level 2. HP: 10/26 MP: 1/1
   746 | D:2      | Reached skill level 5 in Axes
   746 | D:2      | Reached XP level 3. HP: 21/31 MP: 2/2
   931 | D:2      | Found a faded altar of an unknown god.
  1117 | D:2      | Reached ** piety under Trog
  1265 | D:2      | Reached XP level 4. HP: 35/39 MP: 3/3
  1286 | D:2      | Reached skill level 6 in Axes
  1616 | D:3      | Noticed Samantha
  1623 | D:3      | Killed Samantha
  1623 | D:3      | Reached skill level 7 in Axes
  1623 | D:3      | Reached XP level 5. HP: 42/45 MP: 4/4
  1665 | D:3      | Noticed a dagger
  1667 | D:3      | Found a hide-covered altar of Uskayaw.
  1667 | D:3      | Noticed a dagger
  1734 | D:3      | Found an iron altar of Okawaru.
  1803 | D:3      | Reached skill level 8 in Axes
  1811 | D:3      | Noticed Sigmund
  1822 | D:3      | Killed Sigmund
  1822 | D:3      | Reached skill level 9 in Axes
  1822 | D:3      | Reached XP level 6. HP: 30/51 MP: 5/5
  1947 | D:3      | Found a burning altar of Makhleb.
  2017 | D:3      | Found a glowing golden altar of the Shining One.
  2022 | D:3      | Noticed Natasha
  2029 | D:3      | Killed Natasha
  2029 | D:3      | Reached *** piety under Trog
  2043 | D:3      | Found a radiant altar of Vehumet.
  2044 | D:3      | Found a deep blue altar of Sif Muna.
  2126 | D:3      | Noticed Natasha
  2133 | D:3      | Killed Natasha
  2133 | D:3      | Reached XP level 7. HP: 41/57 MP: 6/6
  2372 | D:4      | Found a basalt altar of Yredelemnul.
  2676 | D:4      | Reached skill level 10 in Axes
  2736 | D:4      | Found a shadowy altar of Dithmenos.
  2958 | D:4      | Found an iron altar of Okawaru.
  3203 | D:5      | Entered Level 5 of the Dungeon
  3421 | D:5      | Found a glowing silver altar of Zin.
  3427 | D:5      | Found a stormy altar of Qazlal.
  3433 | D:5      | Found a sacrificial altar of Ru.
  3457 | D:5      | Found a snail-covered altar of Cheibriados.
  3546 | D:5      | Found a shimmering altar of Xom.
  3603 | D:5      | Found a white marble altar of Elyvilon.
  3942 | D:6      | Noticed a blink frog
  3942 | D:6      | Noticed a blink frog
  3952 | D:6      | Noticed a blink frog
  3953 | D:6      | Noticed a blink frog
  3954 | D:6      | Noticed a blink frog
  3956 | D:6      | Killed a blink frog
  3956 | D:6      | Reached skill level 5 in Fighting
  3956 | D:6      | Reached skill level 11 in Axes
  3956 | D:6      | Reached XP level 8. HP: 60/68 MP: 7/7
  3960 | D:6      | Killed a blink frog
  3969 | D:6      | Killed a blink frog
  3978 | D:6      | HP: 1/71 [blink frog (7)]
  3982 | D:6      | Mangled by a blink frog

Skill      XL: |  1  2  3  4  5  6  7  8 |
---------------+-------------------------+-----
Axes           | 4 5 7 9 11 | 11.5
Fighting       | 5 6 |  6.4
Armour         | |  2.4
Dodging        | |  2.1

Action                   |  1- 3 |  4- 6 |  7- 9 || total
-------------------------+-------+-------+-------++-------
Melee: Hand axe          |    73 |   100 |   103 ||   276
       Headbutt          |     9 |    26 |    21 ||    56
Invok: Berserk           |       |     2 |     1 ||     3
  Use: Scroll            |       |       |     2 ||     2
Armor: Animal skin       |     4 |       |       ||     4
       Scale mail        |    15 |       |       ||    15
       Plate armour      |     1 |    58 |    52 ||   111
Dodge: Dodged            |    37 |    37 |    34 ||   108
